 Dungeon Crawl Stone Soup version 0.29.1-1-gd02db6906a (console) character file.

Game seed: 6736850607105621382

3788 om the Grappler (level 9, -3/88 HPs)
             Began as a Troll Fighter on Oct 18, 2022.
             Was a Believer of Cheibriados.
             Slain by a two-headed ogre
             ... wielding a +0 giant spiked club
              (28 damage)
             ... on level 8 of the Dungeon.
             The game lasted 00:10:58 (5652 turns).

om the Grappler (Troll Fighter)                     Turns: 5652, Time: 00:10:59

Health: -3/88      AC:  5    Str: 34    XL:     9   Next: 95%
Magic:  10/10      EV: 13    Int: 10    God:    Cheibriados [**....]
Gold:   436        SH: 12    Dex: 23    Spells: 8/8 levels left

rFire   . . .      SeeInvis .     - Unarmed
rCold   . . .      Faith    .   b - +1 kite shield
rNeg    . . .      Spirit   .   a - +0 robe
rPois   .          Reflect  .   (helmet restricted)
rElec   .          Harm     .   i - +0 cloak
rCorr   .          Rampage  .   (gloves unavailable)
Will    .....                   (boots unavailable)
Stlth   ++........              B - amulet of regeneration
HPRegen 1.84/turn               g - +4 ring of slaying
MPRegen 0.12/turn               v - +6 ring of dexterity

@: lethally poisoned (-3 -> -3), very slow
A: large, unfitting armour, claws 3, regeneration 1, shaggy fur 1, tough skin 1
a: Renounce Religion, Bend Time


You were on level 8 of the Dungeon.
You worshipped Cheibriados.
Cheibriados was pleased with you.
You visited 1 branch of the dungeon, and saw 8 of its levels.
You also visited: Sewer.

You collected 472 gold pieces.
You spent 36 gold pieces at shops.

Inventory:

Hand Weapons
 j - a +2 whip of venom
 s - a +0 whip of flaming
Armour
 a - a +0 robe (worn)
 b - a +1 kite shield (worn)
 i - a +0 cloak (worn)
Jewellery
 g - a +4 ring of slaying (left claw)
 v - a +6 ring of dexterity (right claw)
 B - an amulet of regeneration (around neck)
Wands
 l - a wand of mindburst (15)
 z - a wand of iceblast (5)
 D - a wand of charming (10)
 E - a wand of flame (10)
Scrolls
 c - 5 scrolls of teleportation
 d - a scroll of amnesia {unknown}
 e - a scroll of blinking
 f - 5 scrolls of fear
 p - 2 scrolls of butterflies
 q - a scroll of torment {unknown}
 r - a scroll of immolation
 y - a scroll of noise {unknown}
 A - 2 scrolls of enchant armour
 F - a scroll of summoning {unknown}
Potions
 h - 11 potions of curing
 k - 2 potions of flight
 m - a potion of attraction {unknown}
 n - 2 potions of brilliance {unknown}
 o - a potion of resistance {unknown}
 t - a potion of cancellation {unknown}
 u - a potion of magic
 w - 2 potions of heal wounds
 x - a potion of mutation {unknown}
 C - a potion of ambrosia {unknown}


   Skills:
 + Level 5.5 Fighting
 - Level 1.1 Maces & Flails
 - Level 6.0 Dodging
 - Level 0.4 Stealth
 - Level 6.0 Shields
 + Level 8.5 Unarmed Combat
 + Level 3.9 Invocations


You had 8 spell levels left.
You didn't know any spells.
Your spell library contained the following spells:

 Spells                   Type           Power      Damage    Failure   Level
 Sublimation of Blood     Necr           0%         N/A       77%         2
 Petrify                  Tmut/Erth      0%         N/A       100%        4
 Irradiate                Conj/Tmut      0%         3d11      100%        5


Dungeon Overview and Level Annotations

Branches:
Dungeon (8/15)             Temple (0/1) D:6           Sewer (visited)
   Lair: D:8-11

Altars:
Cheibriados
Dithmenos
Gozag
Hepliaklqana
Nemelex Xobeh
Sif Muna
Uskayaw
Vehumet
Wu Jian
The Shining One

Shops:
D:6 [*[[   D:8 (


Innate Abilities, Weirdness & Mutations

You are too large for most types of armour.
You have claws for hands.
Your natural rate of healing is unusually fast.
You are covered in fur. (AC +1)
You have tough skin. (AC +1)


Message History

Found Foonumaf's Weapon Boutique.
There is an entrance to Foonumaf's Weapon Boutique here.
Unknown command.
Okay, then.
F - a scroll labelled XOBO CAGHERCHE You now have 424 gold pieces (gained 14).
You now have 436 gold pieces (gained 12).
Found a stone staircase leading down.
A two-headed ogre comes into view.
It is wielding a +0 giant spiked club and a +0 great mace.
The two-headed ogre shouts in stereo!
Aiming: Mindburst
Press: ? - help, Shift-Dir - straight line, f - two-headed ogre
Aim: a two-headed ogre, wielding a +0 giant spiked club and a +0 great mace (chance to affect: 47%)
The two-headed ogre resists with some effort.
You hear an angry buzzing noise.
A hornet comes into view.
The hornet moves out of view.
The two-headed ogre hits you with a +0 giant spiked club!!
The two-headed ogre closely misses you.
You feel much better. You block the hornet's attack.
You block the two-headed ogre's attack.
The two-headed ogre hits you with a +0 great mace!
You scratch the two-headed ogre.
The two-headed ogre is lightly wounded.
The hornet stings you but does no damage.
You mangle the two-headed ogre!!
The two-headed ogre is heavily wounded.
The hornet stings you!
You are poisoned.
You suddenly lose the ability to move!
The two-headed ogre hits you with a +0 giant spiked club!!
The two-headed ogre hits you with a +0 great mace!
* * * LOW HITPOINT WARNING * * *
The hornet stings you but does no damage.
You can move again.
You barely miss the two-headed ogre.
The two-headed ogre is heavily wounded.
You feel sick. You block the hornet's attack. The two-headed ogre misses you.
The two-headed ogre hits you with a +0 great mace!!
You die...

... ####...## ..
...#....#
#.#######...#.<.##
#......#..#.#...#
#.....#.....#####
#..............##
#.............>#
##..............#
##y@.............###
#.O.................
....##..............#.
.....#
#............###.
....#
#.........##..#.. ....
#.......####..... ...
######### ##.... ..
#.... #....


You could see a two-headed ogre and a hornet.

Vanquished Creatures
  Pikel (D:4)
  Maggie (D:6)
  Psyche (D:8)
  Prince Ribbit (D:6)
  Menkaure (D:4)
  Edmund (D:4)
  3 water moccasins
  An orc warrior (D:6)
  2 ice beasts
  An ogre (D:7)
  2 centaurs
  Blork the orc (D:4)
  A phantom (D:6)
  4 bullfrogs
  5 scorpions
  A howler monkey (D:8)
  4 jellies
  5 hounds
  A gnoll bouda (D:4)
  6 orc priests
  2 iguanas
  An orc wizard (D:5)
  9 adders
  4 gnolls (D:4)
  2 river rats (Sewer)
  2 shadow imps
  2 ufetubi
  5 dart slugs
  24 orcs
  9 ball pythons
  6 endoplasms
  5 giant cockroaches
  4 hobgoblins
  4 jackals (D:2)
  3 quokkas
  2 bats
  7 frilled lizards
  7 goblins
  4 kobolds
  14 rats
159 creatures vanquished.

Notes
Turn   | Place    | Note
-------+----------+-------------------------------------------
     0 | D:1      | om the Troll Fighter began the quest for the Orb.
     0 | D:1      | Reached XP level 1. HP: 22/22 MP: 0/0
   125 | D:1      | Found a faded altar of an unknown god.
   479 | D:1      | Reached XP level 2. HP: 29/29 MP: 1/1
   745 | D:2      | Reached XP level 3. HP: 33/33 MP: 2/2
   898 | D:2      | You fall into a shaft and drop 2 floors!
   969 | D:4      | Noticed Edmund
   977 | D:4      | Killed Edmund
   978 | D:4      | Reached skill level 3 in Unarmed Combat
   978 | D:4      | Reached XP level 4. HP: 17/44 MP: 3/3
   978 | D:4      | Reached XP level 5. HP: 19/50 MP: 4/4
  1094 | D:4      | Noticed Menkaure
  1098 | D:4      | Killed Menkaure
  1099 | D:4      | Reached skill level 4 in Unarmed Combat
  1099 | D:4      | Reached XP level 6. HP: 59/59 MP: 5/5
  1568 | D:3      | Found a shimmering blue altar of Sif Muna.
  1576 | D:3      | Found a shadowy altar of Dithmenos.
  2053 | D:4      | Noticed Pikel
  2061 | D:4      | Killed Pikel
  2062 | D:4      | Reached skill level 1 in Maces & Flails
  2062 | D:4      | Reached skill level 6 in Unarmed Combat
  2062 | D:4      | Reached XP level 7. HP: 54/67 MP: 6/6
  2266 | D:4      | Noticed Blork the orc
  2329 | D:4      | Killed Blork the orc
  2385 | D:4      | Reached XP level 8. HP: 63/75 MP: 7/7
  2539 | D:5      | Entered Level 5 of the Dungeon
  2830 | D:5      | Reached skill level 7 in Unarmed Combat
  2951 | D:5      | Reached skill level 5 in Dodging
  3063 | D:5      | Reached skill level 5 in Shields
  3210 | D:5      | Found a snail-covered altar of Cheibriados.
  3220 | D:5      | Found a glowing golden altar of the Shining One.
  3500 | D:5      | Became a worshipper of Cheibriados the Contemplative
  3530 | D:6      | Noticed Maggie
  3538 | D:6      | Killed Maggie
  3539 | D:6      | Reached skill level 1 in Invocations
  3548 | D:6      | Reached XP level 9. HP: 18/85 MP: 7/9
  3589 | D:6      | Found Zamietay's Antique Armour Emporium.
  3616 | D:6      | Found Juthrett's General Store.
  3641 | D:6      | Noticed Prince Ribbit
  3651 | D:6      | Killed Prince Ribbit
  3658 | D:6      | Found a glowing drain.
  3672 | Sewer    | Entered a sewer
  3696 | Sewer    | Reached * piety under Cheibriados
  3906 | Sewer    | Reached ** piety under Cheibriados
  4048 | D:6      | Found Pykot's Armour Shoppe.
  4093 | D:6      | Found an ornate altar of the Wu Jian Council.
  4136 | D:6      | Bought a potion of curing for 36 gold pieces
  4371 | D:6      | Found a radiant altar of Vehumet.
  4373 | D:6      | Found a hazy altar of Hepliaklqana.
  4377 | D:6      | Reached skill level 5 in Fighting
  4413 | D:6      | Found Quyqyq's Antique Armour Boutique.
  4464 | D:6      | Found a staircase to the Ecumenical Temple.
  4593 | D:7      | Reached skill level 8 in Unarmed Combat
  4631 | D:7      | Found a sparkling altar of Nemelex Xobeh.
  4829 | D:7      | Found a hide-covered altar of Uskayaw.
  5294 | D:8      | Found an opulent altar of Gozag.
  5419 | D:8      | Noticed Psyche
  5430 | D:8      | Killed Psyche
  5583 | D:8      | Found Foonumaf's Weapon Boutique.
  5645 | D:8      | Noticed a two-headed ogre
  5651 | D:8      | Paralysed by a hornet for 1 turns
  5652 | D:8      | Slain by a two-headed ogre

Illustrated notes

Levels and vault maps discovered:
D:1:      tarquinn_simple_flora_water_d, layout_basic, basic_ecumenical_altar,
          serial_bayou_lake_a
D:2:      layout_rooms
D:3:      layout_rooms, amethyst_overflow_temple_binary
D:4:      layout_basic, kennysheep_generic_room_10, uniq_blork_the_orc,
          uniq_pikel, uniq_menkaure, uniq_edmund
D:5:      layout_cave_pods, mainiacjoe_overflow_catwalk_spiral,
          serial_park_tiny_1
D:6:      layout_rooms, minitemple, nicolae_wu_jian_wuxing_cycle,
          temple_statues, serial_shops, shop, shop, shop, kennysheep_little_box,
          portal_sewer_entry_a, uniq_maggie, uniq_prince_ribbit1
D:7:      layout_cave_pods, nicolae_uskayaw_murder_on_the_dancefloor,
          old_standard_altar
D:8:      layout_cave_pods, mainiacjoe_overflow_concentric_impassable,
          serial_shops, nicolae_shop_advertising_works
          [nicolae_subvault_shop_adworks], grunt_ministairs_12, uniq_gastronok,
          uniq_psyche

Skill      XL: |  1  2  3  4  5  6  7  8  9 |
---------------+----------------------------+-----
Dodging        | 3 4 5 6 |  6.0
Shields        | 3 4 5 6 |  6.0
Unarmed Combat | 3 4 6 7 8 |  8.5
Fighting       | 3 4 5 |  5.5
Maces & Flails | 1 |  1.1
Invocations    | 1 3 |  3.9
Stealth        | |  0.4

Action                   |  1- 3 |  4- 6 |  7- 9 || total
-------------------------+-------+-------+-------++-------
Melee: Unarmed           |    64 |    63 |   216 ||   343
       Whip              |    14 |       |       ||    14
Evoke: Wand              |       |       |     2 ||     2
  Use: Potion            |     1 |       |     2 ||     3
       Scroll            |       |     3 |    12 ||    15
 Stab: Distracted        |       |     1 |       ||     1
       Sleeping          |       |       |     5 ||     5
Armor: Robe              |    30 |    12 |    48 ||    90
Dodge: Dodged            |    29 |    16 |    95 ||   140
Block: Kite shield       |    28 |    27 |    97 ||   152
